 Dungeon Crawl Stone Soup version 0.30-a0-639-g3916f1956a (webtiles) character file.

Game seed: 3882799766437524271

502 acebull12 the Poker (level 6, -7/46 HPs)
             Began as a Demonspawn Gladiator on Jan 16, 2023.
             Mangled by an ogre
             ... wielding a +0 giant club
              (24 damage)
             ... on level 4 of the Dungeon.
             The game lasted 00:05:29 (3496 turns).

acebull12 the Poker (Demonspawn Gladiator)          Turns: 3496, Time: 00:05:29

Health: -7/46      AC:  3    Str: 17    XL:     6   Next: 95%
Magic:  6/6        EV: 12    Int:  9    God:
Gold:   208        SH:  0    Dex: 14    Spells: 5/5 levels left

rFire   . . .      SeeInvis .    a - +0 trident
rCold   . . .      Faith    .    (no shield)
rNeg    . . .      Spirit   .    b - +0 leather armour
rPois   .          Reflect  .    (helmet restricted)
rElec   .          Harm     .    (no cloak)
rCorr   .          Rampage  .    (no gloves)
Will    .....                    (no boots)
Stlth   +                        u - amulet of the acrobat
HPRegen 0.27/turn                (no ring)
MPRegen 0.10/turn                (no ring)

@: no status effects
A: claws 1, horns 1, demonic guardian 2
a: no special abilities


You were on level 4 of the Dungeon.
You visited 1 branch of the dungeon, and saw 4 of its levels.

You collected 208 gold pieces.

Inventory:

Hand Weapons
 a - a +0 trident (weapon)
Missiles
 d - 3 throwing nets (quivered)
 e - 3 javelins
 v - 2 silver boomerangs
 w - 22 stones
Armour
 b - a +0 leather armour (worn)
Jewellery
 f - a ring of fire
 o - an amulet of regeneration
 u - an amulet of the acrobat (around neck)
Scrolls
 h - 2 scrolls of magic mapping {unknown}
 i - a scroll of vulnerability {unknown}
 k - 7 scrolls of teleportation {unknown}
 m - a scroll of enchant weapon {unknown}
 n - 3 scrolls of identify {unknown}
 q - 2 scrolls of fear {unknown}
 r - 3 scrolls of noise {unknown}
 s - a scroll of fog {unknown}
 t - a scroll of immolation {unknown}
Potions
 c - a potion of heal wounds {unknown}
 g - 3 potions of curing {unknown}
 j - a potion of invisibility {unknown}
 l - a potion of attraction {unknown}
 p - 2 potions of degeneration {unknown}
 x - 2 potions of lignification {unknown}


   Skills:
 + Level 2.7 Fighting
 * Level 5.7 Polearms
 * Level 3.1 Throwing
 + Level 2.0 Armour
 + Level 3.1 Dodging
 + Level 0.5 Stealth


You had 5 spell levels left.
You didn't know any spells.
Your spell library contained the following spells:

 Spells                   Type           Power      Damage    Failure   Level
 Apportation              Tloc           0%         N/A       43%         1
 Necrotise                Necr           0%         1d4       43%         1
 Summon Small Mammal      Summ           0%         N/A       43%         1
 Frozen Ramparts          Ice            0%         1d1       82%         3
 Ignite Poison            Fire/Tmut/Pois 0%         N/A       82%         3
 Ice Form                 Ice/Tmut       0%         N/A       99%         4
 Sticky Flame             Conj/Fire      0%         2d3       99%         4
 Summon Ice Beast         Ice/Summ       0%         N/A       99%         4
 Ignition                 Fire           0%         3d3       100%        8


Dungeon Overview and Level Annotations

Branches:
Dungeon (4/15)
 Temple: D:4-7

Altars:


Innate Abilities, Weirdness & Mutations

You have sharp fingernails.
You have a pair of small horns on your head.
A demonic guardian rushes to your aid.


Message History

An ogre comes into view. It is wielding a +0 giant club.
A gnoll comes into view. It is wielding a +0 club.
The gnoll shouts!
An orc comes into view. It is wielding a +0 war axe.
There are monsters nearby!
You reach to attack!
You puncture the black bear!
The black bear is moderately wounded.
You hit the black bear.
The black bear is heavily wounded.
The black bear bites you!
The black bear claws you but does no damage.
The black bear claws you.
You puncture the black bear!
The black bear is severely wounded.
The black bear bites you but does no damage.
The black bear claws you but does no damage.
The black bear claws you.
You hit the black bear but do no damage.
The black bear is severely wounded.
The black bear bites you!
The black bear claws you but does no damage.
The black bear closely misses you.
You hit the black bear.
The black bear is almost dead.
The black bear goes berserk!
You puncture the black bear!
You kill the black bear!
Your Throwing skill increases to level 3!
Your Armour skill increases to level 2!
You completely miss the ogre. You headbutt the ogre.
The ogre is lightly wounded.
The ogre hits you with a +0 giant club!
You are too injured to fight recklessly!
You are too injured to fight recklessly!
You are too injured to fight recklessly!
You hit the ogre. You headbutt the ogre.
The ogre is lightly wounded.
The ogre hits you with a +0 giant club!!
Ouch! That really hurt!
You die...

#.#
#.............#
#.####
#############..
#....# ..# #..
#.##†# ..# #..
####.##.# ...#
#.. .....##.#
...# #..
#.......##....#
#..
..#...#..#....#
#..
.###.###@.....#
#.. #.
###..O.....#
#.. ###o#....#
#.. .g#....#
### ..##....#
#.. ...# ...
#### ##.. ...


You could see an ogre, a gnoll and an orc.

Vanquished Creatures
  A black bear (D:4)
  An ogre (D:4)
  Dowan (D:4)
  An iguana (D:4)
  2 orc wizards (D:4)
  3 adders
  4 dart slugs
  9 orcs
  7 bats
  2 endoplasms
  3 giant cockroaches
  4 goblins
  A hobgoblin (D:3)
  2 jackals (D:4)
  4 quokkas
  5 ball pythons
  3 frilled lizards
  4 kobolds
  8 rats
65 creatures vanquished.

Vanquished Creatures (collateral kills)
  Duvessa (D:4)
  A ball python (D:4)
  A kobold (D:3)
3 creatures vanquished.

Grand Total: 68 creatures vanquished

Notes
Turn   | Place    | Note
-------+----------+-------------------------------------------
     0 | D:1      | acebull12 the Demonspawn Gladiator began the quest for the
                  | Orb.
     0 | D:1      | Reached XP level 1. HP: 16/16 MP: 1/1
   186 | D:1      | Reached skill level 3 in Polearms
   282 | D:1      | Discovered your monstrous ancestry.
   282 | D:1      | Gained mutation: You have sharp fingernails. [demonic
                  | ancestry]
   282 | D:1      | Reached XP level 2. HP: 22/22 MP: 2/2
   861 | D:2      | Gained mutation: A weak demonic guardian rushes to your
                  | aid. [demonic ancestry]
   861 | D:2      | Reached XP level 3. HP: 27/27 MP: 3/3
  2286 | D:4      | Noticed Dowan
  2286 | D:4      | Noticed Duvessa
  2434 | D:4      | Gained mutation: You have a pair of small horns on your
                  | head. [demonic ancestry]
  2434 | D:4      | Reached XP level 4. HP: 33/33 MP: 4/4
  2448 | D:4      | Reached skill level 4 in Polearms
  2488 | D:4      | Noticed an ogre
  2493 | D:4      | Killed an ogre
  2494 | D:4      | Reached skill level 1 in Armour
  2494 | D:4      | Gained mutation: A demonic guardian rushes to your aid.
                  | [demonic ancestry]
  2494 | D:4      | Reached XP level 5. HP: 39/39 MP: 5/5
  2507 | D:4      | Killed Dowan
  2629 | D:4      | Killed Duvessa
  2630 | D:4      | Reached skill level 5 in Polearms
  2630 | D:4      | Reached XP level 6. HP: 8/46 MP: 6/6
  3496 | D:4      | Mangled by an ogre

Illustrated notes

Levels and vault maps discovered:
D:1:      dpeg_arrival_rhombus, layout_loops_ring
D:2:      layout_basic
D:3:      layout_loops_ring, chequers_serial_rivers_large_b
D:4:      layout_basic, mainiacjoe_overflow_cross_hatched,
          minmay_temple_entry_fiery, corexii_corridor_pit, minmay_between,
          uniq_duvessa

Skill      XL: |  1  2  3  4  5  6 |
---------------+-------------------+-----
Polearms       | 3 4 5 |  5.7
Throwing       | 2 3 |  3.1
Armour         | 1 2 |  2.0
Dodging        | 3 |  3.1
Fighting       | |  2.7
Stealth        | |  0.5

Action                   |  1- 3 |  4- 6 || total
-------------------------+-------+-------++-------
Melee: Trident           |   130 |   113 ||   243
       Headbutt          |       |    11 ||    11
Armor: Leather armour    |    21 |    20 ||    41
Dodge: Dodged            |    47 |    50 ||    97

Table legend: (Time is in decaauts)
 A = Elapsed time spent in this place.
 B = Non-inter-level travel time spent in this place.
 C = Inter-level travel time spent in this place.
 D = Time resting spent in this place.
 E = Time spent auto-exploring this place.
 F = Levels seen in this place.
 G = Mean time per level.
                   A        B        C        D        E       F      G
               +--------+--------+--------+--------+--------+-----+--------+
         Total |   3548 |   3223 |    325 |    320 |   2313 |   4 |  887.0 |
       Dungeon |   3548 |   3223 |    325 |    320 |   2313 |   4 |  887.0 |
               +--------+--------+--------+--------+--------+-----+--------+

Top non-repeatable levels by time:
     D:4: 1180 daAuts
     D:3: 1018 daAuts
     D:2: 705 daAuts
     D:1: 644 daAuts
